 Dungeon Crawl Stone Soup version 0.18.1-2-ga659475 (webtiles) character file.

668 chez the Covered (level 7, 0/62 HPs)
             Began as a Minotaur Berserker on May 9, 2016.
             Was a Priest of Trog.
             Succumbed to a killer bee's poison
             ... on level 6 of the Dungeon.
             The game lasted 00:32:08 (3127 turns).

chez the Covered (Minotaur Berserker)               Turns: 3127, Time: 00:32:09

Health: 0/62       AC: 13    Str: 24    XL:     7   Next: 32%
Magic:  6/6        EV: 10    Int:  4    God:    Trog [***...]
Gold:   156        SH:  0    Dex:  9    Spells: 0 memorised, 6 levels left

rFire  . . .     SeeInvis .     a - +0 mace
rCold  . . .     Gourm    .     n - +2 chain mail
rNeg   . . .     Faith    .     (no shield)
rPois  .         Spirit   .     (helmet restricted)
rElec  .         Dismiss  .     (no cloak)
rCorr  .         Reflect  .     o - +0 pair of gloves
SustAt .         Harm     .     (no boots)
MR     .....                    (no amulet)
Stlth  ..........               (no ring)
                                (no ring)

@: lethally poisoned (0 -> -32), about to teleport, not resistant to hostile
enchantments, extremely unstealthy
A: retaliatory headbutt, horns 2
a: Berserk, Trog's Hand, Burn Spellbooks, Renounce Religion


You were on level 6 of the Dungeon.
You worshipped Trog.
Trog was most pleased with you.
You were not hungry.

You visited 1 branch of the dungeon, and saw 6 of its levels.

You collected 156 gold pieces.

Inventory:

Hand Weapons
 a - a +0 mace (weapon)
 e - a +0 short sword
 g - a -3 dagger
 l - a +0 spear
 w - a +0 war axe
Missiles
 j - 11 tomahawks (quivered)
Armour
 b - a +0 animal skin
 d - a +0 leather armour
 n - a +2 chain mail (worn)
 o - a +0 pair of gloves (worn)
 u - a +0 helmet
Wands
 f - a wand of slowing (20/48)
Scrolls
 k - a scroll of enchant weapon {unknown}
 p - a scroll of teleportation
 t - 2 scrolls of magic mapping
 x - a scroll of fog {unknown}
Potions
 i - a potion of haste
 q - 2 potions of cancellation {unknown}
 s - 2 potions of berserk rage
Comestibles
 c - 3 bread rations
 h - 5 meat rations
 m - a fruit
 r - 2 slices of pizza
 v - 2 royal jellies
 z - a beef jerky
 A - 5 chunks of flesh


   Skills:
 + Level 5.7 Fighting
 + Level 1.5 Short Blades
 + Level 5.1 Maces & Flails
 + Level 5.7 Armour
 + Level 5.1 Dodging
 + Level 0.1 Stealth


You had 6 spell levels left.
You didn't know any spells.

Dungeon Overview and Level Annotations

Branches:
Dungeon (6/15)             Temple (0/1) D:5

Altars:
Cheibriados
Okawaru
Qazlal
Sif Muna
Trog
Vehumet
Xom


Innate Abilities, Weirdness & Mutations

You reflexively headbutt those who attack you in melee.
You have a pair of horns on your head.


Message History

* * * LOW HITPOINT WARNING * * *
The killer bee completely misses you.
The killer bee stings you but does no damage.
A wight comes into view.
It is wielding an enchanted short sword.
Read which item? (? for menu, Esc to quit)
Okay, then.
As you read the scroll of teleportation, it crumbles to dust.
You feel strangely unstable.
* * * LOW HITPOINT WARNING * * *
You feel very sick.
The killer bee stings you but does no damage.
The killer bee stings you.
* * * LOW HITPOINT WARNING * * *
You are more poisoned.
The killer bee poisons you!
The killer bee stings you but does no damage.
The killer bee barely misses you.
The killer bee stings you but does no damage.
You closely miss the killer bee.
You die...

.......###
.........## ..
..........## ...
...........## #...
............##
#...
.............##...
.......<...z...#
......z.....y.##
........z.yy@##
..........yy##
..........!##
.##......###
...###### ..#


You could see 5 killer bees and 3 wights.

Vanquished Creatures
  A black bear (D:5)
  A phantom (D:5)
  A big kobold (D:5)
  A killer bee (D:6)
  A howler monkey (D:4)
  A giant frog zombie (D:5)
  A jelly (D:5)
  A hound (D:5)
  2 orc wizards (D:4)
  Natasha (D:3)
  A worker ant (D:5)
  A gnoll (D:5)
  6 adders
  An adder skeleton (D:4)
  An adder zombie (D:5)
  A giant gecko (D:3)
  9 orcs
  4 giant cockroaches
  6 goblins
  5 hobgoblins
  6 jackals
  4 quokkas
  3 bats
  2 giant newts
  7 kobolds
  4 rats
72 creatures vanquished.

Notes
Turn   | Place    | Note
--------------------------------------------------------------
     0 | D:1      | chez the Minotaur Berserker began the quest for the Orb.
     0 | D:1      | Reached XP level 1. HP: 19/19 MP: 0/0
   491 | D:1      | Reached XP level 2. HP: 25/27 MP: 1/1
   586 | D:2      | Found a stormy altar of Qazlal.
   857 | D:3      | Reached ** piety under Trog
   968 | D:3      | Reached XP level 3. HP: 33/33 MP: 2/2
  1023 | D:3      | Noticed Natasha
  1041 | D:3      | Killed Natasha
  1041 | D:3      | Reached XP level 4. HP: 6/40 MP: 3/3
  1660 | D:4      | Reached XP level 5. HP: 41/47 MP: 4/4
  1968 | D:5      | Entered Level 5 of the Dungeon
  2018 | D:5      | Reached skill level 5 in Fighting
  2041 | D:5      | Reached XP level 6. HP: 38/56 MP: 5/5
  2083 | D:5      | Found a bloodstained altar of Trog.
  2179 | D:5      | Found a staircase to the Ecumenical Temple.
  2200 | D:5      | Reached skill level 1 in Short Blades
  2211 | D:5      | Reached *** piety under Trog
  2234 | D:5      | Reached skill level 5 in Armour
  2234 | D:5      | Reached skill level 5 in Dodging
  2570 | D:5      | Reached skill level 5 in Maces & Flails
  2570 | D:5      | Reached XP level 7. HP: 58/61 MP: 6/6
  2713 | D:5      | Found a shimmering altar of Xom.
  2718 | D:5      | Found an iron altar of Okawaru.
  2726 | D:5      | Found a radiant altar of Vehumet.
  2729 | D:5      | Found a deep blue altar of Sif Muna.
  3066 | D:5      | Found a snail-covered altar of Cheibriados.
  3126 | D:6      | HP: 3/62 [killer bee (3)]
  3127 | D:6      | Succumbed to a killer bee's poison

Skill      XL: |  1  2  3  4  5  6 |
---------------+-------------------+-----
Maces & Flails | 4 5 |  5.1
Fighting       | 4 5 |  5.7
Armour         | 3 5 |  5.7
Dodging        | 3 4 5 |  5.1
Short Blades   | 1 |  1.5
Stealth        | |  0.1

Action                   |  1- 3 |  4- 6 |  7- 9 || total
-------------------------+-------+-------+-------++-------
Melee: Dagger            |    77 |   115 |       ||   192
       Mace              |     5 |    41 |    41 ||    87
       Headbutt          |    12 |    28 |     4 ||    44
  Use: Scroll            |     6 |     8 |     1 ||    15
       Potion            |     2 |       |       ||     2
  Eat: Chunk             |       |     5 |     2 ||     7
Armor: Leather armour    |     2 |       |       ||     2
       Chain mail        |    49 |   121 |    48 ||   218
Dodge: Dodged            |    58 |   100 |    27 ||   185
